 Seeded DCSS version 0.29.0 (webtiles) character file.

Game seed: 1 (custom seed)

15119 Kazon the Fighter (level 11, -1/94 HPs)
             Began as a Demigod Fighter on Aug 24, 2022.
             Slain by a cane toad (15 damage)
             ... on level 1 of the Lair of Beasts.
             The game lasted 00:40:18 (8207 turns).

Kazon the Fighter (Demigod Fighter)                 Turns: 8207, Time: 00:40:18

Health: -1/94      AC: 14    Str: 25    XL:     11   Next: 66%
Magic:  14/14      EV: 13    Int: 10    God:
Gold:   505        SH:  6    Dex: 17    Spells: 10/10 levels left

rFire   . . .      SeeInvis .   f - +3 scimitar (flame)
rCold   . . .      Faith    .   c - +0 buckler
rNeg    + + .      Spirit   .   L - +0 troll leather armour
rPois   +          Reflect  .   t - +0 helmet
rElec   .          Harm     .   n - +3 cloak "Leoruw" {Contam rPois rN++ Stlth+}
rCorr   .          Rampage  .   (no gloves)
Will    +....                   p - +2 pair of boots
Stlth   +++.......              j - amulet of regeneration
HPRegen 1.85/turn               K - +4 ring of slaying
MPRegen 0.14/turn               (no ring)

@: lethally poisoned (-1 -> -1), studying Maces & Flails
A: high MP 1, forlorn, divine attributes
a: no special abilities


You were on level 1 of the Lair of Beasts.
You visited 2 branches of the dungeon, and saw 11 of its levels.

You collected 689 gold pieces.
You spent 184 gold pieces at shops.

Inventory:

Hand Weapons
 e - a +2 dagger of venom
 f - a +3 scimitar of flaming (weapon)
 q - the +6 shillelagh "Devastator" {shatter}
   (You found it on level 6 of the Dungeon)

   It releases a powerful concussive burst when it strikes, dealing extra damage
   to the target and all other foes adjacent to them.
 s - the +3 falchion of Winter {venom, rCorr}
   (You bought it in a shop on level 3 of the Dungeon)

   It poisons the flesh of those it strikes.
   rCorr:     It protects you from acid and corrosion.
 w - a +1 demon whip of venom
Missiles
 k - 21 poisoned darts (quivered)
 l - 25 stones
 m - a throwing net
 r - 9 boomerangs
 D - 3 boomerangs of dispersal
 J - a curare-tipped dart
Armour
 c - a +0 buckler (worn)
 n - the +3 cloak "Leoruw" (worn) {Contam rPois rN++ Stlth+}
   (You acquired it on level 1 of the Dungeon)

   rPois:     It protects you from poison.
   rN:        It greatly protects you from negative energy.
   Contam:    It causes magical contamination when unequipped.
   Stlth:     It makes you more stealthy.
 p - a +2 pair of boots (worn)
 t - a +0 helmet (worn)
 L - a +0 troll leather armour (worn)
 M - a +2 chain mail of cold resistance
Jewellery
 j - an amulet of regeneration (around neck)
 K - a +4 ring of slaying (left hand)
Wands
 A - a wand of mindburst (22)
 B - a wand of flame (7)
Scrolls
 i - 2 scrolls of identify
 o - 2 scrolls of immolation {unknown}
 u - 2 scrolls of fog {unknown}
 v - 4 scrolls of enchant weapon {unknown}
 x - 2 scrolls of vulnerability {unknown}
 y - 3 scrolls of blinking {unknown}
 I - a scroll of teleportation {unknown}
 N - a scroll of enchant armour {unknown}
Potions
 d - a potion of might
 g - 2 potions of haste
 h - a potion of flight
 z - 3 potions of ambrosia
 C - 3 potions of heal wounds
 E - 3 potions of curing
 F - a potion of berserk rage {unknown}
 G - a potion of mutation {unknown}
 H - a potion of lignification {unknown}


   Skills:
 * Level 8.2 Fighting
 + Level 7.2 Long Blades
 + Level 7.5 Maces & Flails
 + Level 5.4 Throwing
 + Level 6.9 Armour
 + Level 4.7 Dodging
 + Level 3.3 Stealth
 + Level 5.5 Shields
 * Level 6.7 Evocations


You had 10 spell levels left.
You didn't know any spells.
Your spell library contained the following spells:

 Spells                   Type           Power      Damage    Failure   Level
 Apportation              Tloc           0%         N/A       50%         1
 Necrotise                Necr           0%         1d4       50%         1
 Sting                    Tmut/Pois      0%         1d3       50%         1
 Summon Small Mammal      Summ           0%         N/A       50%         1
 Ensorcelled Hibernation  Hex/Ice        0%         N/A       63%         2
 Poisonous Vapours        Pois/Air       0%         N/A       63%         2
 Ignite Poison            Fire/Tmut/Pois 0%         N/A       86%         3
 Mephitic Cloud           Conj/Pois/Air  0%         N/A       86%         3
 Spider Form              Tmut/Pois      0%         N/A       86%         3
 Anguish                  Hex/Necr       0%         N/A       99%         4
 Olgreb's Toxic Radiance  Pois           0%         N/A       99%         4
 Freezing Cloud           Conj/Ice/Air   0%         6-21      100%        5


Dungeon Overview and Level Annotations

Branches:
Dungeon (10/15)            Temple (0/1) D:7            Lair (1/5) D:10
    Orc: D:9-12

Shops:
D:3 (   D:7 *   D:9 (

Annotations:
D:8 3 runed translucent doors, Golfball's ghost, novice GrFi; Misha's ghost, novice VSBr; Tyegef's ghost, novice DECj; turdburglar's ghost, novice TrEE; zenocrate's ghost, novice DsFi
D:9 3 runed translucent doors, NinjaNoafa's ghost, novice DrCj


Innate Abilities, Weirdness & Mutations

You have an increased reservoir of magic. (+10% MP)
You shall have no god before yourself.
Your divine heritage dramatically boosts your attributes as you level up.


Message History

You are poisoned.
The cane toad poisons you!
You hit the cane toad. You burn the cane toad.
The cane toad is lightly wounded.
You feel very sick. The cane toad stings you.
The cane toad stings you but does no damage.
You hit the cane toad but do no damage.
The cane toad is lightly wounded.
You feel very sick. The cane toad stings you! The cane toad misses you.
You barely miss the cane toad.
The cane toad is lightly wounded.
You feel very sick. You block the cane toad's attack.
The cane toad stings you!!
The cane toad stings you but does no damage.
The cane toad barely misses you.
You hit the cane toad. You burn the cane toad.
The cane toad is moderately wounded.
You feel sick. The cane toad barely misses you.
The cane toad closely misses you. The cane toad attacks as you move away!
The cane toad barely misses you.
You feel sick. The cane toad misses you.
You feel sick. The cane toad attacks as you move away!
The cane toad stings you!
* * * LOW HITPOINT WARNING * * *
You feel sick. You block the cane toad's attack.
You slash the cane toad! You burn the cane toad.
The cane toad is moderately wounded.
You feel sick.
The cane toad stings you but does no damage.
You closely miss the cane toad.
The cane toad is moderately wounded.
You feel sick.
You slash the cane toad! You burn the cane toad.
The cane toad is severely wounded.
You feel sick. The cane toad stings you!
* * * LOW HITPOINT WARNING * * *
The cane toad stings you!
You die...

.... .P###...#.###.. .###
................ ....
..........P.....## ##..
.................# ....
.................# .. ##....
................. .#.##.. ......
.##......!.#.###.##....#.##.P #..
.#.........P..##@##.#..#.#..###.#
...?.........).FF.#....#.........
....#..........#####.#.#.#...##..
........P.........#......#.......
..#.....P.........#..##.#.#.P....
..........P...>.....#....#.......
.#.#P.......###.P##...##.#...##..
.....^............#.#..#.#...†...
.#....##P.........#.##...#.P#..##


You could see 2 cane toads.

Vanquished Creatures
  Erica (Lair:1)
  5 death yaks (D:10)
  Amaemon (D:10)
  A black mamba (Lair:1)
  3 cane toads (Lair:1)
  An orange demon (D:10)
  2 unseen horrors
  2 gargoyles (D:8)
  Maggie (D:7)
  3 trolls
  A hornet (D:10)
  A slime creature (D:8)
  A wyvern (Lair:1)
  A vampire (D:10)
  Eustachio (D:4)
  5 yaks (D:8)
  2 steam dragons
  A vampire mosquito (D:8)
  Duvessa (D:5)
  4 water moccasins
  3 orc warriors
  3 ice beasts
  3 black bears
  6 ogres
  2 centaurs (D:8)
  3 wolves (Lair:1)
  2 phantoms
  2 kobold brigands
  9 bullfrogs
  5 scorpions
  2 necrophages (D:5)
  A gnoll sergeant (D:10)
  5 wights (D:7)
  Dowan (D:5)
  12 killer bees
  2 howler monkeys
  8 hounds
  A jelly (D:6)
  A gnoll bouda (D:8)
  6 orc priests
  4 iguanas
  11 orc wizards
  Natasha (D:4)
  15 gnolls
  2 adders (D:2)
  An ufetubus (D:4)
  2 worms
  3 dart slugs
  54 orcs
  7 endoplasms
  A giant cockroach (D:1)
  8 goblins
  12 hobgoblins
  7 jackals
  19 kobolds
  4 quokkas
  5 ball pythons
  2 bats
  4 frilled lizards
  4 rats
281 creatures vanquished.

Vanquished Creatures (others)
  3 fungi (Lair:1)
  A plant (Lair:1)
4 creatures vanquished.

Grand Total: 285 creatures vanquished

Notes
Turn   | Place    | Note
-------+----------+-------------------------------------------
     0 | D:1      | Kazon the Demigod Fighter began the quest for the Orb.
     0 | D:1      | Reached XP level 1. HP: 18/18 MP: 3/3
    36 | D:1      | Identified a scroll of acquirement
    36 | D:1      | Acquired the +3 cloak "Leoruw" {Contam rPois rN++ Stlth+}
   551 | D:1      | Reached XP level 2. HP: 25/25 MP: 4/4
  1077 | D:3      | Found Umat's Antique Weapon Boutique.
  1081 | D:3      | Reached skill level 3 in Fighting
  1183 | D:2      | Reached XP level 3. HP: 31/31 MP: 5/5
  1310 | D:2      | Reached skill level 1 in Stealth
  1447 | D:2      | Reached XP level 4. HP: 38/38 MP: 6/6
  1925 | D:3      | Bought a crude falchion for 184 gold pieces
  1925 | D:3      | Identified the +3 falchion of Winter {venom, rCorr} (You
                  | bought it in a shop on level 3 of the Dungeon)
  2326 | D:4      | Noticed an ogre
  2341 | D:4      | Killed an ogre
  2342 | D:4      | Reached skill level 1 in Throwing
  2342 | D:4      | Reached skill level 1 in Dodging
  2342 | D:4      | Reached XP level 5. HP: 45/45 MP: 7/7
  2688 | D:4      | Reached XP level 6. HP: 51/51 MP: 8/8
  2777 | D:4      | Noticed a water moccasin
  2790 | D:4      | Killed a water moccasin
  2796 | D:4      | Reached skill level 1 in Evocations
  2867 | D:4      | Reached XP level 7. HP: 40/58 MP: 9/9
  2875 | D:4      | Reached skill level 5 in Long Blades
  2950 | D:4      | Noticed Eustachio
  2972 | D:4      | Killed Eustachio
  2973 | D:4      | Reached skill level 4 in Fighting
  3177 | D:4      | Noticed Natasha
  3186 | D:4      | Killed Natasha
  3281 | D:5      | Entered Level 5 of the Dungeon
  3432 | D:5      | Noticed Dowan
  3432 | D:5      | Noticed Duvessa
  3449 | D:5      | Killed Duvessa
  3450 | D:5      | Reached XP level 8. HP: 67/67 MP: 10/10
  3456 | D:5      | Killed Dowan
  4076 | D:6      | Found the +6 shillelagh "Devastator" {shatter}
  4199 | D:6      | Reached skill level 5 in Fighting
  4322 | D:6      | Reached XP level 9. HP: 74/74 MP: 11/11
  4488 | D:6      | Reached skill level 1 in Maces & Flails
  4562 | D:7      | Reached skill level 5 in Armour
  4679 | D:7      | Found Binerhev's Lightly-Used Armoury.
  4735 | D:7      | Noticed Maggie
  4748 | D:7      | Killed Maggie
  4830 | D:7      | Found a staircase to the Ecumenical Temple.
  4925 | D:7      | Reached skill level 6 in Fighting
  5796 | D:8      | Reached XP level 10. HP: 76/83 MP: 13/13
  5797 | D:8      | Found a runed translucent gate.
  5797 | D:8      | Found a runed translucent gate.
  5797 | D:8      | Found a runed translucent gate.
  5803 | D:8      | Noticed Golfball's ghost (novice GrFi)
  5803 | D:8      | Noticed Tyegef's ghost (novice DECj)
  5804 | D:8      | Noticed turdburglar's ghost (novice TrEE)
  5804 | D:8      | Noticed Misha's ghost (novice VSBr)
  5922 | D:8      | Reached skill level 5 in Evocations
  5983 | D:8      | Identified the +6 great sword of the Gloaming {distort, rC+
                  | Will+ Dex+4}
  6343 | D:8      | Reached skill level 5 in Shields
  6438 | D:8      | Noticed zenocrate's ghost (novice DsFi)
  6487 | D:9      | Reached skill level 5 in Maces & Flails
  6731 | D:9      | Found a runed translucent gate.
  6732 | D:9      | Found a runed translucent gate.
  6733 | D:9      | Found a runed translucent gate.
  6788 | D:9      | Noticed NinjaNoafa's ghost (novice DrCj)
  6804 | D:9      | Reached skill level 7 in Fighting
  6922 | D:9      | Found Sudgh's Antique Weapon Shop.
  7077 | D:10     | Entered Level 10 of the Dungeon
  7221 | D:10     | Noticed Amaemon
  7228 | D:10     | HP: 2/86 [poisoned by Amaemon]
  7233 | D:10     | Killed Amaemon
  7447 | D:10     | Noticed a death yak
  7448 | D:10     | Noticed a death yak
  7468 | D:10     | Killed a death yak
  7469 | D:10     | Reached XP level 11. HP: 82/92 MP: 14/14
  7477 | D:10     | Noticed a death yak
  7495 | D:10     | Killed a death yak
  7495 | D:10     | Noticed a death yak
  7496 | D:10     | Noticed a death yak
  7505 | D:10     | Killed a death yak
  7506 | D:10     | Reached skill level 5 in Throwing
  7509 | D:10     | Killed a death yak
  7514 | D:10     | Killed a death yak
  7525 | D:10     | Found a staircase to the Lair.
  7853 | Lair:1   | Entered Level 1 of the Lair of Beasts
  7906 | Lair:1   | Noticed Erica
  7921 | Lair:1   | Killed Erica
  7922 | Lair:1   | Reached skill level 8 in Fighting
  8207 | Lair:1   | Slain by a cane toad

Illustrated notes

Levels and vault maps discovered:
D:1:      dpeg_arrival_three_smaller_balls, layout_basic
D:2:      layout_loops_ring
D:3:      layout_basic, serial_shops, nicolae_shop_stone, st_stairs_7
D:4:      minmay_razor_zed, layout_basic, worldfamousw_hep_ancestral_shrine,
          uniq_eustachio, uniq_natasha
D:5:      layout_basic, uniq_duvessa
D:6:      layout_rooms, dilly_guarded_unrand_devastator
D:7:      layout_basic, nicolae_uskayaw_dance_hall,
          mainiacjoe_overflow_six_doors_small,
          minmay_temple_entry_drinking_statues, serial_rivers,
          chequers_serial_rivers_micro_b, chequers_serial_rivers_small_a,
          chequers_serial_rivers_small_a, chequers_serial_rivers_large_a,
          chequers_serial_rivers_micro_a, minmay_shop_damaged, uniq_maggie
D:8:      minmay_tri_box, layout_loops_ring, gammafunk_ghost_cemetery,
          minmay_manual_mares
D:9:      layout_gridville, serial_shops, nicolae_take_the_stairs,
          gammafunk_ghost_ooze, minivault_11
D:10:     layout_roguey, dpeg_lair_monsters, uniq_amaemon
Lair:1:   layout_long_grid, patterned_corridor, grunt_megastairs_3,
          lemuel_fruit_tree, uniq_erica

Skill      XL: |  1  2  3  4  5  6  7  8  9 10 11 |
---------------+----------------------------------+-----
Long Blades    | 2 3 4 5 6 7 |  7.2
Shields        | 3 4 5 |  5.5
Fighting       | 3 4 5 6 7 8 |  8.2
Armour         | 3 4 5 6 |  6.9
Stealth        | 1 2 3 |  3.3
Throwing       | 1 2 3 4 5 |  5.4
Dodging        | 1 2 3 4 |  4.7
Evocations     | 1 2 3 4 5 6 |  6.7
Maces & Flails | 3 6 7 |  7.5

Action                   |  1- 3 |  4- 6 |  7- 9 | 10-12 || total
-------------------------+-------+-------+-------+-------++-------
Melee: Long sword        |    94 |    13 |       |       ||   107
       Falchion          |       |   109 |   175 |    37 ||   321
       Shillelagh        |       |       |    86 |   151 ||   237
       Scimitar          |       |       |       |    40 ||    40
Throw: Dart              |     5 |     4 |    14 |    30 ||    53
       Stone             |     2 |    10 |    37 |    31 ||    80
       Boomerang         |       |       |    13 |     4 ||    17
       Throwing net      |       |       |     1 |       ||     1
Evoke: Wand              |       |       |     9 |       ||     9
  Use: Scroll            |     1 |       |       |     6 ||     7
       Potion            |       |       |       |     3 ||     3
 Stab: Sleeping          |     1 |     1 |     3 |     1 ||     6
Armor: Scale mail        |    47 |    60 |   102 |    11 ||   220
       Troll leather arm |       |       |       |    76 ||    76
       Chain mail        |       |       |       |    11 ||    11
Dodge: Dodged            |    52 |    54 |   119 |   144 ||   369
Block: Buckler           |    19 |    27 |    67 |    65 ||   178
